 Dungeon Crawl Stone Soup version 0.29.1-12-g30fa7ad0bf (webtiles) character file.

Game seed: 9295354984889511595

154 112233 the Magician (level 5, -1/28 HPs)
             Began as a Deep Elf Air Elementalist on Dec 18, 2022.
             Was a Believer of Sif Muna.
             Killed by their own static electricity (3 damage)
             ... on level 4 of the Dungeon.
             The game lasted 00:01:51 (2898 turns).

112233 the Magician (Deep Elf Air Elementalist)     Turns: 2898, Time: 00:01:52

Health: -1/28      AC:  2    Str:  5    XL:     5   Next: 13%
Magic:  5/14       EV: 12    Int: 22    God:    Sif Muna [**....]
Gold:   152        SH:  0    Dex: 15    Spells: 10/13 levels left

rFire   . . .      SeeInvis .   s - +1 spear (vorpal)
rCold   . . .      Faith    .   (no shield)
rNeg    . . .      Spirit   .   a - +0 robe
rPois   .          Reflect  .   (no helmet)
rElec   .          Harm     .   (no cloak)
rCorr   .          Rampage  .   (no gloves)
Will    .....                   (no boots)
Stlth   ++........              (no amulet)
HPRegen 0.09/turn               (no ring)
MPRegen 0.14/turn               (no ring)

@: no status effects
A: no striking features
a: Renounce Religion, Channel Magic


You were on level 4 of the Dungeon.
You worshipped Sif Muna.
Sif Muna was pleased with you.
You visited 1 branch of the dungeon, and saw 4 of its levels.

You collected 152 gold pieces.

Inventory:

Hand Weapons
 s - a +1 vorpal spear (weapon)
Missiles
 n - 3 throwing nets
Armour
 a - a +0 robe (worn)
Jewellery
 r - a ring of fire
Scrolls
 d - 4 scrolls of identify {unknown}
 e - 2 scrolls of immolation {unknown}
 g - 2 scrolls of enchant weapon {unknown}
 h - 4 scrolls of fog {unknown}
 i - a scroll of noise {unknown}
 j - a scroll of vulnerability {unknown}
 k - a scroll of acquirement {unknown}
 m - 2 scrolls of teleportation {unknown}
Potions
 b - 3 potions of magic
 l - a potion of lignification {unknown}
 o - a potion of heal wounds {unknown}
 p - a potion of haste {unknown}
 q - 2 potions of invisibility {unknown}


   Skills:
 - Level 2.4 Dodging
 - Level 2.4 Stealth
 + Level 4.9 Spellcasting
 + Level 3.2 Conjurations
 + Level 4.1 Air Magic


You had 10 spell levels left.
You knew the following spells:

 Your Spells              Type           Power      Damage    Failure   Level
a - Shock                 Conj/Air       84%        1d8       2%          1
b - Static Discharge      Conj/Air       21%        3-6/arc   3%          2

Your spell library contained the following spells:

 Spells                   Type           Power      Damage    Failure   Level
 Swiftness                Air            23%        N/A       5%          3
 Freeze                   Ice            20%        1d4       11%         1
 Airstrike                Air            11%        2d(2-18)  19%         4
 Frozen Ramparts          Ice            10%        1d2       30%         3
 Hailstorm                Conj/Ice       12%        3d5       45%         4


Dungeon Overview and Level Annotations

Branches:
Dungeon (4/15)
 Temple: D:4-7

Altars:
Cheibriados
Sif Muna

Annotations:
D:3 Jessica


Message History

Casting: Shock (safe; 2% risk of failure)
Confirm with . or Enter, or press ? or * to list all spells.
Aiming: Shock (safe; 2% risk of failure)
Press: ? - help, Shift-Dir - straight line, f/p - iguana
Aim: an iguana (lightly wounded, 77% to hit)
The zap hits the iguana.
The iguana is heavily wounded.
Unknown command.
Casting: Shock (safe; 2% risk of failure)
Confirm with . or Enter, or press ? or * to list all spells.
Aiming: Shock (safe; 2% risk of failure)
Press: ? - help, Shift-Dir - straight line, f/p - iguana
Aim: an iguana (heavily wounded, 77% to hit)
The zap misses the iguana.
Casting: Shock (safe; 2% risk of failure)
Confirm with . or Enter, or press ? or * to list all spells.
The iguana is struck by an arc of lightning.
The iguana is severely wounded.
You are struck by an arc of lightning.
The lightning grounds out.
The iguana bites you. The iguana bites you!
Unknown command.
Unknown command.
Casting: Static Discharge (safe; 3% risk of failure)
Confirm with . or Enter, or press ? or * to list all spells.
The iguana is struck by an arc of lightning.
The iguana is almost dead.
You are struck by an arc of lightning.
The lightning grounds out.
The iguana bites you but does no damage.
The iguana bites you!
* * * LOW HITPOINT WARNING * * *
Unknown command.
Unknown command.
Casting: Static Discharge (safe; 3% risk of failure)
Confirm with . or Enter, or press ? or * to list all spells.
The iguana is struck by an arc of lightning!
You kill the iguana!
Sif Muna accepts your kill.
You are struck by an arc of lightning.
You die...

#..### ## #..... #..
#....# #.# #.##.#
#.# #.##.# # #.#
#.##.###.##.
#.####...).......
#.####.##.....@....#
#......##.####.#####
#####.<...# #.#
#.##### #.# #.# #..
#.# ### #.# #.# #.#


There were no monsters in sight!

Vanquished Creatures
  2 hounds
  An iguana (D:4)
  5 gnolls
  3 ball pythons
  4 endoplasms
  5 goblins
  6 hobgoblins
  2 jackals (D:1)
  3 quokkas
  8 bats
  2 frilled lizards
  2 kobolds (D:1)
  3 rats
46 creatures vanquished.

Vanquished Creatures (others)
  4 toadstools (D:1)
4 creatures vanquished.

Grand Total: 50 creatures vanquished

Notes
Turn   | Place    | Note
-------+----------+-------------------------------------------
     0 | D:1      | 112233 the Deep Elf Air Elementalist began the quest for
                  | the Orb.
     0 | D:1      | Reached XP level 1. HP: 10/10 MP: 6/6
     8 | D:1      | Found a faded altar of an unknown god.
    82 | D:1      | Prayed at the altar of an unknown god.
    82 | D:1      | Became a worshipper of Sif Muna the Loreminder
    82 | D:1      | Reached * piety under Sif Muna
   405 | D:1      | Reached XP level 2. HP: 15/15 MP: 5/8
  1006 | D:1      | Reached XP level 3. HP: 19/19 MP: 8/10
  1551 | D:2      | Learned a level 2 spell: Static Discharge
  1678 | D:2      | Found a snail-covered altar of Cheibriados.
  1714 | D:2      | Reached ** piety under Sif Muna
  2381 | D:3      | Reached XP level 4. HP: 24/24 MP: 3/12
  2531 | D:3      | Noticed Jessica
  2737 | D:4      | Reached XP level 5. HP: 14/28 MP: 5/14
  2898 | D:4      | Killed from afar by themself

Illustrated notes

Levels and vault maps discovered:
D:1:      ldierk_walled_garden_2, layout_basic,
          hellmonk_ecumenical_altar_run_dry, minmay_misc_feat_iff
D:2:      layout_basic, basic_altar
D:3:      layout_basic, uniq_sigmund, uniq_jessica, uniq_robin
D:4:      layout_loops_ring, elyvilon_altar_1, nzn_wu_jian_contemplation

Skill      XL: |  1  2  3  4 |
---------------+-------------+-----
Conjurations   | 2 3 |  3.2
Spellcasting   | 4 |  4.9
Air Magic      | 4 |  4.1
Dodging        | |  2.4
Stealth        | |  2.4

Action                   |  1- 3 |  4- 6 || total
-------------------------+-------+-------++-------
Melee: Spear             |       |     1 ||     1
 Cast: Shock             |    76 |    28 ||   104
       Static Discharge  |     1 |     6 ||     7
  Use: Potion            |       |     3 ||     3
       Scroll            |       |     1 ||     1
Armor: Robe              |     2 |     1 ||     3
Dodge: Dodged            |     3 |     3 ||     6
